 Dungeon Crawl Stone Soup version 0.27.1 (webtiles) character file.

Game seed: 4962581899269517322

35 ZARRMARR the Ducker (level 3, -2/35 HPs)
             Began as a Gnoll Monk on Aug 28, 2021.
             Slain by Ijyb (4 damage)
             ... on level 2 of the Dungeon.
             The game lasted 00:03:29 (985 turns).

ZARRMARR the Ducker (Gnoll Monk)                     Turns: 985, Time: 00:03:30

Health: -2/35      AC:  6    Str: 11    XL:     3   Next: 33%
Magic:  4/4        EV: 10    Int:  9    God:
Gold:   38         SH:  0    Dex: 14    Spells: 3/3 levels left

rFire    . . .     SeeInvis .   a - +0 mace
rCold    + + .     Faith    .   (no shield)
rNeg     . . .     Spirit   .   f - +0 scale mail {rC+}
rPois    .         Reflect  .   (no helmet)
rElec    .         Harm     .   (no cloak)
rCorr    .         Rampage  .   (no gloves)
Will     .....                  (no boots)
Stlth    +.........             (no amulet)
HPRegen  0.11/turn              g - ring of protection from cold
MPRegen  0.09/turn              (no ring)

@: hasted, very quick
A: fangs 1, strong nose, distributed training
a: no special abilities


You were on level 2 of the Dungeon.
You visited 1 branch of the dungeon, and saw 2 of its levels.

You collected 38 gold pieces.

Inventory:

Hand Weapons
 a - a +0 mace (weapon)
Missiles
 b - 8 atropa-tipped darts
 c - 34 stones (quivered)
Armour
 f - a +0 scale mail of cold resistance (worn)
Jewellery
 g - a ring of protection from cold (left hand)
Scrolls
 e - a scroll of identify


   Skills:
 + Level 6.5 Fighting
 + Level 0.7 Short Blades
 + Level 0.7 Long Blades
 + Level 0.7 Axes
 + Level 6.5 Maces & Flails
 + Level 0.7 Polearms
 + Level 0.7 Staves
 + Level 0.7 Slings
 + Level 0.7 Bows
 + Level 0.7 Crossbows
 + Level 0.7 Throwing
 + Level 0.7 Armour
 + Level 6.5 Dodging
 + Level 4.1 Stealth
 + Level 0.7 Shields
 + Level 0.7 Unarmed Combat
 + Level 0.7 Spellcasting
 + Level 0.5 Conjurations
 + Level 0.5 Hexes
 + Level 0.5 Summonings
 + Level 0.5 Necromancy
 + Level 0.5 Translocations
 + Level 0.5 Transmutations
 + Level 0.5 Fire Magic
 + Level 0.5 Ice Magic
 + Level 0.5 Air Magic
 + Level 0.5 Earth Magic
 + Level 0.5 Poison Magic
 + Level 0.9 Invocations
 + Level 0.7 Evocations


You had 3 spell levels left.
You didn't know any spells.
Your spell library was empty.

Dungeon Overview and Level Annotations

Branches:
Dungeon (2/15)

Altars:

Annotations:
D:2 Ijyb


Innate Abilities, Weirdness & Mutations

You have very sharp teeth.
Your uncanny sense of smell can sniff out nearby items.
Your experience applies equally to all skills.


Message History

Ijyb closely misses you.
You hit Ijyb.
Ijyb is moderately wounded.
Ijyb barely misses you.
You miss Ijyb.
Ijyb is moderately wounded.
Ijyb hits you with a +0 club. x2
You hit Ijyb but do no damage.
Ijyb is moderately wounded.
Ijyb zaps a wand.
The puff of flame hits you.
You miss Ijyb.
Ijyb is moderately wounded.
Ijyb zaps a wand.
The puff of flame misses you.
You hit Ijyb but do no damage.
Ijyb is moderately wounded.
Ijyb hits you with a +0 club.
You closely miss Ijyb.
Ijyb is moderately wounded.
Ijyb closely misses you.
You hit Ijyb but do no damage.
Ijyb is moderately wounded.
Ijyb zaps a wand.
The puff of flame hits you.
You closely miss Ijyb.
Ijyb is moderately wounded.
Ijyb zaps a wand.
The puff of flame hits you!
* * * LOW HITPOINT WARNING * * *
You feel yourself speed up. Ijyb hits you but does no damage.
You hit Ijyb.
Ijyb is moderately wounded.
Ijyb closely misses you.
You hit Ijyb but do no damage. You bite Ijyb, but do no damage.
Ijyb is moderately wounded.
Ijyb hits you with a +0 club.
* * * LOW HITPOINT WARNING * * *
You closely miss Ijyb. Your bite misses Ijyb.
Ijyb is moderately wounded.
You hit Ijyb but do no damage.
Ijyb is moderately wounded.
Ijyb hits you with a +0 club.
You die...

#..8.8.8.8 ####.#.###
##.........
#.....>...
.....gg...∆#.########
## ###......... #.#
#..... ...
..)..gg....∆#.#
#.##.#
#...##...g.gg.. #.#
#....# #...?..8.8.8.8
#.# ####.#
#.##..(#########.#
#.# ###.g@........#
#.. #####.#...### ###
#.#...# # ∆ #.#...# #
#.#...# .. #.#...#
... #.#...# ..
#.#...# # #.#...#


You could see Ijyb.

Vanquished Creatures
  An adder (D:2)
  An endoplasm (D:2)
  2 giant cockroaches (D:1)
  8 goblins
  4 hobgoblins (D:1)
  3 ball pythons (D:1)
  2 bats (D:1)
  A kobold (D:1)
  A rat (D:1)
23 creatures vanquished.

Notes
Turn   | Place    | Note
-------+----------+-------------------------------------------
     0 | D:1      | ZARRMARR the Gnoll Monk began the quest for the Orb.
     0 | D:1      | Reached XP level 1. HP: 23/23 MP: 1/1
   200 | D:1      | Reached XP level 2. HP: 26/29 MP: 2/2
   545 | D:1      | Found a faded altar of an unknown god.
   670 | D:2      | Reached XP level 3. HP: 16/35 MP: 3/3
   943 | D:2      | Noticed Ijyb
   985 | D:2      | Slain by Ijyb

Illustrated notes

Levels and vault maps discovered:
D:1:      scummos_arrival_simple_fountains, layout_basic,
          ebering_ecumenical_altar_webs
D:2:      kennysheep_the_goblin_king, layout_basic, basic_altar, uniq_natasha

Action                   || total
-------------------------++-------
Melee: Mace              ||    93
       Bite              ||     7
Throw: Stone             ||    24
  Use: Scroll            ||     1
       Potion            ||     1
 Stab: Sleeping          ||     4
Armor: Robe              ||     3
       Scale mail        ||    25
Dodge: Dodged            ||    49
